cohdb
Replays
Latest Replays
All Replays
Popular Replays
Top Player Replays
Match Explorer
How It Works
Community
CoH3 Stats
Reddit
Sign in to upload your games and track your stats! →
Sign in with Steam
Match 45446615
Unlisted
Match 45446615
Overview
Messages
Build Orders
End
Pioneer Squad
Construct Infanterie Kompanie
Grenadier Squad
MG 42 Machine Gun Team
Grenadier Squad
Grenadier Squad
Infanterie Officer Quarters
Grenadier Squad
Construct Panzergrenadier Kompanie
251 Medium Carrier
Construct Luftwaffe Kompanie
Medical Bunker
Support Elements
Wirbelwind Flakpanzer
Pak 40 Anti-tank Gun Team
Grenadier Squad
Construct Panzer Kompanie
Stoßtruppen Squad
Selects Terror Battlegroup
Selects Machine Gun Camouflage
Selects No Quarter
Pak 40 Anti-tank Gun Team
Selects King Tiger Heavy Tank
Pioneer Squad
Manitou
K̳itsuné
0
0
Comments
sign in to comment!
No comments posted yet!